 Dungeon Crawl Stone Soup version 0.17-a0-1504-gb7d9117 (webtiles) character file.

86 Fizybubbleh the Vexing (level 4, 0/30 HPs)
             Began as a Human Enchanter on July 7, 2015.
             Killed from afar by an orc wizard (5 damage)
             ... with a magic dart
             ... on level 3 of the Dungeon.
             The game lasted 00:10:21 (2771 turns).

Fizybubbleh the Vexing (Human Enchanter)            Turns: 2771, Time: 00:10:21

Health: 0/30       AC:  3    Str:  9    XL:     4   Next: 77%
Magic:  3/7        EV: 12    Int: 15    God:
Gold:   47         SH:  0    Dex: 14    Spells: 3 memorised, 1 level left

rFire  . . .     SeeInvis .     g - +2 dagger (elec)
rCold  . . .     Clarity  .     b - +1 robe
rNeg   . . .     SustAt   .     (no shield)
rPois  .         Gourm    .     (no helmet)
rElec  .         Spirit   .     (no cloak)
rCorr  .         Warding  .     (no gloves)
rMut   .         Stasis   .     (no boots)
MR     .....                    (no amulet)
Stlth  ++........               (no ring)
                                (no ring)

@: not resistant to hostile enchantments, unstealthy
A: no striking features
a: no special abilities


You were on level 3 of the Dungeon.
You were not hungry.

You visited 1 branch of the dungeon, and saw 3 of its levels.

You collected 47 gold pieces.

Inventory:

Hand weapons
 a - a +1 dagger
 g - a +2 dagger of electrocution (weapon)
Armour
 b - a +1 robe (worn)
 d - a +0 helmet
 m - a +0 pair of boots
Scrolls
 j - a scroll of amnesia {unknown}
 k - a scroll of enchant armour {unknown}
 n - 3 scrolls of teleportation
 o - a scroll of random uselessness {unknown}
 q - a scroll of blinking {unknown}
 r - 2 scrolls of remove curse {unknown}
 s - a scroll of noise {unknown}
 u - a scroll of magic mapping {unknown}
Potions
 e - a potion of resistance {unknown}
 f - 3 potions of cancellation {unknown}
 h - a potion of curing {unknown}
 i - a potion of agility {unknown}
 l - a potion of flight {unknown}
Books
 c - a book of Maledictions

   Spells                             Type                      Level
   a - Corona                         Hexes                        1
   b - Ensorcelled Hibernation        Hexes/Ice                    2
   c - Confuse                        Hexes                        3
   d - Tukima's Dance                 Hexes                        3
   e - Dazzling Spray                 Conjuration/Hexes            3
Comestibles
 p - a meat ration
 t - a bread ration
 v - 3 chunks of flesh


   Skills:
 - Level 1.0 Short Blades
 - Level 2.0 Dodging
 - Level 3.0 Stealth
 - Level 2.0 Spellcasting
 + Level 5.1 Hexes


You had one spell level left.
You knew the following spells:

 Your Spells              Type           Power        Failure   Level  Hunger
a - Ensorcelled Hibernat  Hex/Ice        #.....       12%         2    ###....
b - Confuse               Hex            ###.....     10%         3    ###....
v - Corona                Hex            ###....      2%          1    #......


Dungeon Overview and Level Annotations

Branches:
Dungeon (3/15)

Altars:
Cheibriados
Kikubaaqudgha

Annotations:
D:3 namelastname112's ghost, average DrSk


Message History

2 goblins come into view.
The goblin shouts!
An orc wizard comes into view. It is wielding a dagger.
The goblin misses you.
An orc comes into view. It is wielding a short sword.
An orc comes into view. It is wielding a war axe.
The goblin hits you.
You take 3 damage, and have 27/30 hp.
Namelastname112's ghost hits you.
You are electrocuted!
Ouch! That really hurt!
* * * LOW HITPOINT WARNING * * *
The goblin barely misses you.
You take 21 damage, and have 6/30 hp.
MASSIVE DAMAGE!!
The goblin hits you.
* * * LOW HITPOINT WARNING * * *
The orc wizard points at you and mumbles some strange words.
The magic dart hits you!
You die...

#..# # ## #..## #. #.
..o. #.##o##..#
#.$......## ... ....
#.##.# #....#
########## #.@g.#
#........
.##..W.###.......#
#.........#....<..###
#.........#.........#.
#.........#...........
####...#.##.......#.#.
#$..#..#...........
#...##.######.##...
#####...## #.#


You could see an orc wizard, namelastname112's ghost and a goblin.

Vanquished Creatures
  Robin (D:2)
  2 adders (D:2)
  2 giant geckos
  An orc (D:3)
  A ball python (D:1)
  6 bats (D:1)
  10 goblins
  9 hobgoblins
  7 jackals (D:2)
  5 kobolds (D:1)
  2 giant cockroaches
  2 giant newts
  8 rats
56 creatures vanquished.

Notes
Turn   | Place    | Note
--------------------------------------------------------------
     0 | D:1      | Fizybubbleh the Human Enchanter began the quest for the Orb.
     0 | D:1      | Reached XP level 1. HP: 13/13 MP: 3/3
   228 | D:1      | Reached XP level 2. HP: 8/19 MP: 0/5
   232 | D:1      | Learned a level 2 spell: Ensorcelled Hibernation
   931 | D:1      | Reached skill level 4 in Hexes
   931 | D:1      | Reached XP level 3. HP: 22/24 MP: 3/6
  1190 | D:1      | Learned a level 3 spell: Confuse
  1512 | D:2      | Found a snail-covered altar of Cheibriados.
  1573 | D:2      | Noticed Robin
  1797 | D:2      | Killed Robin
  1797 | D:2      | Reached XP level 4. HP: 22/30 MP: 2/7
  2288 | D:2      | Reached skill level 5 in Hexes
  2745 | D:3      | Noticed namelastname112's ghost (average DrSk)
  2755 | D:3      | Found an ancient bone altar of Kikubaaqudgha.
  2771 | D:3      | Killed from afar by an orc wizard

Vault maps used:
D:1:      dpeg_arrival_simpleton_c, roderic_st_hans_cross
D:2:      cheibriados_altar_1, kennysheep_small_spiral, uniq_robin
D:3:      lemuel_round_altar, grunt_ministairs_13

Action                   |  1- 3 |  4- 6 || total
-------------------------+-------+-------++-------
Melee: Dagger            |    91 |    37 ||   128
 Cast: Corona            |    15 |     1 ||    16
       Ensorcelled Hiber |    13 |     5 ||    18
       Confuse           |       |     2 ||     2
  Use: Scroll            |       |     1 ||     1
 Stab: Sleeping          |    13 |     6 ||    19
       Distracted        |       |     1 ||     1
  Eat: Chunk             |     2 |     1 ||     3
       Bread ration      |     1 |       ||     1
